 Dungeon Crawl Stone Soup version 0.27-a0-1200-g94dc6ad4cf (webtiles) character file.

Game seed: 3409633873004942856

210 flotson the Covert (level 5, -1/47 HPs)
             Began as a Gnoll Delver on May 30, 2021.
             Slain by Sigmund
             ... wielding a +0 scythe
              (12 damage)
             ... on level 2 of the Dungeon.
             The game lasted 00:03:19 (2634 turns).

flotson the Covert (Gnoll Delver)                   Turns: 2634, Time: 00:03:19

Health: -1/47      AC:  5    Str: 12    XL:     5   Next: 87%
Magic:  7/7        EV: 12    Int: 10    God:
Gold:   125        SH:  0    Dex: 13    Spells: 7/7 levels left

rFire    . . .     SeeInvis .   a - +0 broad axe
rCold    . . .     Faith    .   (no shield)
rNeg     . . .     Spirit   .   p - +0 ring mail
rPois    .         Reflect  .   (no helmet)
rElec    .         Harm     .   (no cloak)
rCorr    .         Rampage  .   (no gloves)
Will     .....                  (no boots)
Stlth    ++++......             (no amulet)
HPRegen  0.15/turn              (no ring)
MPRegen  0.10/turn              (no ring)

@: no status effects
A: fangs 1, strong nose, distributed training
a: no special abilities


You were on level 2 of the Dungeon.
You visited 1 branch of the dungeon, and saw 5 of its levels.

You collected 125 gold pieces.

Inventory:

Hand Weapons
 a - a +0 broad axe (weapon)
 b - a +0 hunting sling
 f - a +0 trident
Missiles
 k - 21 stones
 n - 21 poisoned darts (quivered)
Armour
 p - a +0 ring mail (worn)
Jewellery
 o - a ring of ice
Wands
 g - a wand of digging (3)
Scrolls
 c - a scroll of fog
 d - 2 scrolls of magic mapping
 e - 3 scrolls of fear
 h - a scroll of enchant weapon {unknown}
 i - a scroll of noise {unknown}
 j - a scroll of silence {unknown}
 l - a scroll of teleportation {unknown}
 m - a scroll of brand weapon {unknown}
Potions
 q - 2 potions of lignification {unknown}


   Skills:
 + Level 6.7 Fighting
 + Level 1.6 Short Blades
 + Level 1.6 Long Blades
 + Level 1.6 Axes
 + Level 1.6 Maces & Flails
 + Level 4.8 Polearms
 + Level 1.6 Staves
 + Level 1.6 Slings
 + Level 1.6 Bows
 + Level 1.6 Crossbows
 + Level 1.6 Throwing
 + Level 1.6 Armour
 + Level 4.8 Dodging
 + Level 9.7 Stealth
 + Level 1.6 Shields
 + Level 1.6 Unarmed Combat
 + Level 1.6 Spellcasting
 + Level 1.3 Conjurations
 + Level 1.3 Hexes
 + Level 1.3 Summonings
 + Level 1.3 Necromancy
 + Level 1.3 Translocations
 + Level 1.3 Transmutations
 + Level 1.3 Fire Magic
 + Level 1.3 Ice Magic
 + Level 1.3 Air Magic
 + Level 1.3 Earth Magic
 + Level 1.3 Poison Magic
 + Level 1.9 Invocations
 + Level 1.6 Evocations


You had 7 spell levels left.
You didn't know any spells.
Your spell library contained the following spells:

 Spells                   Type           Power      Damage    Failure   Level
 Corona                   Hex            3%         N/A       38%         1
 Ensorcelled Hibernation  Hex/Ice        6%         N/A       52%         2
 Confusing Touch          Hex            3%         N/A       77%         3
 Dazzling Flash           Conj/Hex       6%         N/A       77%         3
 Tukima's Dance           Hex            3%         N/A       77%         3


Dungeon Overview and Level Annotations

Branches:
Dungeon (5/15)
 Temple: D:4-7

Altars:

Shops:
D:5 (

Annotations:
D:2 Sigmund


Innate Abilities, Weirdness & Mutations

You have very sharp teeth.
Your uncanny sense of smell can sniff out nearby items.
Your experience applies equally to all skills.


Message History

Found a robe.
The helpless Sigmund fails to defend himself.
You hit Sigmund.
Sigmund is lightly wounded.
Sigmund points at you and mumbles some strange words.
You resist with some effort. Sigmund hits you with a +0 scythe.
You closely miss Sigmund. You bite Sigmund, but do no damage.
Sigmund is lightly wounded.
Sigmund hits you with a +0 scythe.
You barely miss Sigmund. Sigmund barely misses you. Sigmund closely misses you.
You barely miss Sigmund. Sigmund hits you with a +0 scythe.
You hit Sigmund.
Sigmund is lightly wounded.
Sigmund barely misses you. Sigmund hits you with a +0 scythe.
You hit Sigmund.
Sigmund is moderately wounded.
Sigmund gestures at himself while chanting.
Sigmund flickers and vanishes!
Deactivating autopickup; reactivate with Ctrl-A.
No target in view!
No target in view!
No target in view!
No target in view!
No target in view!
No target in view!
No target in view!
You miss something. Something hits you. Something hits you but does no damage.
You miss something. Something barely misses you.
You completely miss something. Something hits you!
Something hits you but does no damage.
You barely miss something. You bite something. Something hits you!
You hit something.
You hear some strange, mumbled words.
A puff of flame appears from out of thin air!
The puff of flame hits you but does no damage.
Something hits you.
* * * LOW HITPOINT WARNING * * *
Your ring mail prevents you from hitting something.
Something hits you!
You die...

♣.♣ ♣♣.♣♣
♣♣.♣
#####+###
♣♣♣.♣ ♣..♣
♣♣.♣
♣♣...♣♣♣..♣
♣..♣
♣.....♣..♣♣
♣.♣♣
♣...♣....♣
♣♣.♣
♣.♣♣♣♣.♣♣♣
♣.♣♣ ♣.♣
♣♣♣ ♣.♣♣
♣.♣♣ ♣..♣
♣..♣ ♣♣@♣
♣♣.♣ ♣{♣
♣♣.♣ ♣..
♣.♣♣ ♣♣.♣
♣♣.♣♣ [♣
♣♣.♣ .♣ ♣.♣
♣♣ ♣.♣ ♣.♣


There were no monsters in sight!

Vanquished Creatures
  A bullfrog (D:5)
  A centaur zombie (D:5)
  A scorpion zombie (D:5)
  3 gnolls (D:2)
  An adder (D:2)
  An ufetubus (D:5)
  2 worms (D:2)
  A dart slug (D:1)
  5 orcs (D:3)
  3 bats
  An endoplasm (D:2)
  A giant cockroach (D:1)
  5 goblins
  2 hobgoblins (D:2)
  2 jackals (D:5)
  A kobold (D:1)
  A quokka (D:2)
  2 ball pythons (D:1)
  A frilled lizard (D:1)
  A rat (D:2)
36 creatures vanquished.

Notes
Turn   | Place    | Note
-------+----------+-------------------------------------------
     0 | D:5      | Reached skill level 9 in Stealth
     0 | D:5      | flotson the Gnoll Delver began the quest for the Orb.
     0 | D:5      | Reached XP level 1. HP: 23/23 MP: 1/1
   107 | D:5      | Found Otema's Weapon Shoppe.
   238 | D:5      | Reached XP level 2. HP: 22/29 MP: 1/3
   238 | D:5      | Reached XP level 3. HP: 26/35 MP: 1/4
   347 | D:5      | Reached skill level 1 in Short Blades
   347 | D:5      | Reached skill level 1 in Long Blades
   347 | D:5      | Reached skill level 1 in Axes
   347 | D:5      | Reached skill level 1 in Maces & Flails
   347 | D:5      | Reached skill level 1 in Staves
   347 | D:5      | Reached skill level 1 in Slings
   347 | D:5      | Reached skill level 1 in Bows
   347 | D:5      | Reached skill level 1 in Crossbows
   347 | D:5      | Reached skill level 1 in Throwing
   347 | D:5      | Reached skill level 1 in Armour
   347 | D:5      | Reached skill level 1 in Shields
   347 | D:5      | Reached skill level 1 in Unarmed Combat
   347 | D:5      | Reached skill level 1 in Spellcasting
   347 | D:5      | Reached skill level 1 in Invocations
   347 | D:5      | Reached skill level 1 in Evocations
   347 | D:5      | Reached XP level 4. HP: 14/41 MP: 5/5
   608 | D:5      | Noticed a bullfrog
   630 | D:5      | Killed a bullfrog
   631 | D:5      | Reached skill level 1 in Conjurations
   631 | D:5      | Reached skill level 1 in Hexes
   631 | D:5      | Reached skill level 1 in Summonings
   631 | D:5      | Reached skill level 1 in Necromancy
   631 | D:5      | Reached skill level 1 in Translocations
   631 | D:5      | Reached skill level 1 in Transmutations
   631 | D:5      | Reached skill level 1 in Fire Magic
   631 | D:5      | Reached skill level 1 in Ice Magic
   631 | D:5      | Reached skill level 1 in Air Magic
   631 | D:5      | Reached skill level 1 in Earth Magic
   631 | D:5      | Reached skill level 1 in Poison Magic
   631 | D:5      | Reached XP level 5. HP: 21/47 MP: 5/7
  1724 | D:1      | Found a faded altar of an unknown god.
  2619 | D:2      | Noticed Sigmund
  2634 | D:2      | Slain by Sigmund

Illustrated notes

Levels and vault maps discovered:
D:1:      scummos_arrival_forest, layout_loops_cross,
          hellmonk_ecumenical_altar_run_dry
D:2:      kb_forest_paths, layout_basic, uniq_sigmund
D:3:      layout_rooms, uniq_terence, uniq_crazy_yiuf_cottage, uniq_ijyb
D:4:      layout_basic, uniq_grinder
D:5:      layout_loops_cross, serial_shops,
          nicolae_shop_temple_entry_statues_fountains, st_stairs_8

Skill      XL: |  1  2  3  4 |
---------------+-------------+-----
Stealth        | |  9.7
Short Blades   | 1 |  1.6
Long Blades    | 1 |  1.6
Axes           | 1 |  1.6
Maces & Flails | 1 |  1.6
Staves         | 1 |  1.6
Slings         | 1 |  1.6
Bows           | 1 |  1.6
Crossbows      | 1 |  1.6
Throwing       | 1 |  1.6
Armour         | 1 |  1.6
Shields        | 1 |  1.6
Unarmed Combat | 1 |  1.6
Spellcasting   | 1 |  1.6
Invocations    | 1 |  1.9
Evocations     | 1 |  1.6
Conjurations   | 1 |  1.3
Hexes          | 1 |  1.3
Summonings     | 1 |  1.3
Necromancy     | 1 |  1.3
Translocations | 1 |  1.3
Transmutations | 1 |  1.3
Fire Magic     | 1 |  1.3
Ice Magic      | 1 |  1.3
Air Magic      | 1 |  1.3
Earth Magic    | 1 |  1.3
Poison Magic   | 1 |  1.3
Fighting       | |  6.7
Polearms       | |  4.8
Dodging        | |  4.8

Action                   |  1- 3 |  4- 6 || total
-------------------------+-------+-------++-------
Melee: Quarterstaff      |    15 |    52 ||    67
       Trident           |     3 |       ||     3
       Bite              |     2 |    10 ||    12
       Broad axe         |       |    64 ||    64
  Use: Potion            |       |     1 ||     1
 Stab: Sleeping          |       |     8 ||     8
Armor: Leather armour    |     7 |     1 ||     8
       Scale mail        |       |    42 ||    42
       Ring mail         |       |     9 ||     9
Dodge: Dodged            |    14 |    62 ||    76

Table legend: (Time is in decaauts)
 A = Elapsed time spent in this place.
 B = Non-inter-level travel time spent in this place.
 C = Inter-level travel time spent in this place.
 D = Time resting spent in this place.
 E = Time spent auto-exploring this place.
 F = Levels seen in this place.
 G = Mean time per level.
                   A        B        C        D        E       F      G
               +--------+--------+--------+--------+--------+-----+--------+
         Total |   2663 |   2601 |     62 |    241 |   1951 |   5 |  532.6 |
       Dungeon |   2663 |   2601 |     62 |    241 |   1951 |   5 |  532.6 |
               +--------+--------+--------+--------+--------+-----+--------+

Top non-repeatable levels by time:
     D:2: 998 daAuts
     D:1: 699 daAuts
     D:5: 638 daAuts
     D:4: 224 daAuts
     D:3: 101 daAuts
